 Dungeon Crawl Stone Soup version 0.31-a0-198-g2ad674f65e (webtiles) character file.

Game seed: 11986162038429827370

310 Figaro the Poker (level 6, 0/48 HPs)
             Began as a Human Berserker on June 26, 2023.
             Was a Believer of Trog.
             Succumbed to a scorpion's poison
             ... on level 4 of the Dungeon.
             The game lasted 00:14:35 (4219 turns).

Figaro the Poker (Human Berserker)                  Turns: 4219, Time: 00:14:36

Health: 0/48       AC: 11    Str: 20    XL:     6   Next: 70%
Magic:  6/6        EV: 10    Int:  7    God:    Trog [**....]
Gold:   156        SH:  0    Dex: 12    Spells: 5/5 levels left

rFire   . . .        a - +0 spear
rCold   . . .        (no shield)
rNeg    . . .        p - +0 scale mail
rPois   .            h - +2 helmet
rElec   .            (no cloak)
rCorr   .            i - +0 pair of gloves
SInv    .            (no boots)
Will    .....        (no amulet) Stlth
                     (no ring)
HPRegen 0.28/turn    (no ring)
MPRegen 0.10/turn

%: no passive effects
@: lethally poisoned (0 -> -2), on berserk cooldown, slowed, very slow
A: no striking features
a: Renounce Religion, Berserk, Trog's Hand


You were on level 4 of the Dungeon.
You worshipped Trog.
Trog was pleased with you.
You visited 1 branch of the dungeon, and saw 4 of its levels.

You collected 156 gold pieces.

Inventory:

Hand Weapons
 a - a +0 spear (weapon)
 e - a +0 short sword
Armour
 h - a +2 helmet (worn)
 i - a +0 pair of gloves (worn)
 p - a +0 scale mail (worn)
 q - a +0 cloak
Jewellery
 f - a +5 ring of evasion
Scrolls
 g - a scroll of enchant weapon {unknown}
 j - a scroll of identify
 k - a scroll of blinking {unknown}
 l - a scroll of poison {unknown}
 m - a scroll of teleportation {unknown}
 o - a scroll of immolation {unknown}
Potions
 b - a potion of attraction {unknown}
 c - 3 potions of curing {unknown}
 d - 4 potions of might {unknown}
 n - a potion of enlightenment {unknown}
 r - a potion of degeneration {unknown}
 s - a potion of haste {unknown}


   Skills:
 + Level 3.9 Fighting
 + Level 5.1 Polearms
 + Level 3.3 Armour
 + Level 3.1 Dodging
 + Level 1.0 Stealth


You had 5 spell levels left.
You didn't know any spells.
Your spell library contained the following spells:

 Spells                   Type           Power      Damage    Failure   Level
 Beastly Appendage        Tmut           0%         N/A       78%         1
 Wereblood                Tmut           0%         N/A       89%         2
 Spider Form              Tmut/Pois      0%         N/A       98%         3


Dungeon Overview and Level Annotations

Branches:
Dungeon (4/15)
 Temple: D:4-7

Altars:
Uskayaw
Zin

Shops:
D:1 [


Message History

The shadow imp attacks as you move away!
The shadow imp hits you but does no damage.
The scorpion attacks as you move away!
The scorpion stings you but does no damage.
The shadow imp attacks as you move away!
The shadow imp hits you.
* * * LOW HITPOINT WARNING * * *
The scorpion attacks as you move away! The scorpion closely misses you.
The shadow imp attacks as you move away!
The shadow imp closely misses you. The scorpion closely misses you.
A red film seems to cover your vision as you go berserk!
You feel yourself moving faster!
You feel mighty! The scorpion stings you.
* * * LOW HITPOINT WARNING * * *
You are poisoned.
The scorpion poisons you!
You hit the scorpion.
The scorpion is lightly wounded.
You feel sick. The scorpion stings you.
* * * LOW HITPOINT WARNING * * *
You feel sick.
You feel a strong urge to attack something.
You feel sick.
You feel sick.
The shadow imp sputters.
You feel your anger nearly subside.
You are no longer berserk.
You are exhausted.
You feel yourself slow down.
* * * LOW HITPOINT WARNING * * *
You feel sick.
* * * LOW HITPOINT WARNING * * *
You feel sick. The scorpion attacks as you move away!
The scorpion stings you but does no damage.
* * * LOW HITPOINT WARNING * * *
You feel sick.
* * * LOW HITPOINT WARNING * * *
You feel sick.
The scorpion stings you but does no damage.
You die...

####### ####.....####
###...........###
#...............##
##...........5s.@.##
#...............#.)###
#........>......###..#
#.....<.........#
##..#
#........gg...###
##..# #.....รท.....###
..# #.........### ...
.......#### .#
#####..# #


You could see a scorpion, 2 gnolls and a shadow imp.

Vanquished Creatures
  A scorpion (D:4)
  A hound (D:4)
  An iguana (D:4)
  Ijyb (D:3)
  An orc wizard (D:3)
  Natasha (D:2)
  2 gnolls (D:4)
  3 adders
  3 dart slugs
  8 orcs
  4 endoplasms
  A giant cockroach (D:3)
  6 goblins
  5 hobgoblins
  3 jackals (D:2)
  8 kobolds
  A quokka (D:3)
  8 ball pythons
  A bat (D:3)
  2 frilled lizards
  5 rats
66 creatures vanquished.

Notes
Turn   | Place    | Note
-------+----------+-------------------------------------------
     0 | D:1      | Figaro the Human Berserker began the quest for the Orb.
     0 | D:1      | Reached XP level 1. HP: 18/18 MP: 1/1
   134 | D:1      | Found Muer's Armour Emporium.
   860 | D:1      | Reached XP level 2. HP: 20/24 MP: 2/2
  1865 | D:2      | Reached XP level 3. HP: 29/29 MP: 3/3
  2307 | D:2      | Found a faded altar of an unknown god.
  2312 | D:2      | Reached XP level 4. HP: 28/35 MP: 4/4
  2453 | D:2      | Reached ** piety under Trog
  2477 | D:2      | Noticed Natasha
  2484 | D:2      | Killed Natasha
  2485 | D:2      | Reached skill level 4 in Polearms
  2807 | D:3      | Found a glowing silver altar of Zin.
  2906 | D:3      | Reached XP level 5. HP: 41/41 MP: 5/5
  2945 | D:3      | Noticed Ijyb
  2945 | D:3      | Paralysed by Ijyb for 5 turns
  2975 | D:3      | Paralysed by Ijyb for 2 turns
  2982 | D:3      | Paralysed by Ijyb for 4 turns
  2988 | D:3      | Killed Ijyb
  3048 | D:3      | Found a hide-covered altar of Uskayaw.
  3193 | D:3      | Reached skill level 1 in Stealth
  3810 | D:4      | Reached XP level 6. HP: 39/48 MP: 6/6
  3857 | D:4      | Reached skill level 5 in Polearms
  4217 | D:4      | HP: 2/48 [poisoned by a scorpion]
  4219 | D:4      | Succumbed to a scorpion's poison

Illustrated notes

Levels and vault maps discovered:
D:1:      dpeg_arrival_circle_labyrinth_b, layout_loops_ring, serial_forest,
          infiniplex_forest_straight_2, infiniplex_forest_lined_3_way,
          infiniplex_forest_lined_3_way, infiniplex_forest_clump_small,
          infiniplex_forest_lined_2, infiniplex_forest_split,
          infiniplex_forest_clump_small, serial_shops, shop
D:2:      layout_loops_cross, serial_rivers, chequers_serial_rivers_micro_c,
          chequers_serial_rivers_micro_d, chequers_serial_rivers_room_b,
          chequers_serial_rivers_micro_b, chequers_serial_rivers_micro_e,
          ebering_ecumenical_altar_box, minmay_goblin_outpost, uniq_natasha
D:3:      layout_loops_ring, eat_drink_and_be_merry_uskayaw, zin_statuary,
          dk_noncrumbling_4, uniq_ijyb
D:4:      layout_cave_pods, serial_demonic, serial_demonic_d, serial_demonic_e,
          serial_demonic_d, serial_demonic_b

Skill      XL: |  1  2  3  4  5  6 |
---------------+-------------------+-----
Polearms       | 4 5 |  5.1
Dodging        | 3 |  3.1
Stealth        | 1 |  1.0
Armour         | 3 |  3.3
Fighting       | |  3.9

Action                     |  1- 3 |  4- 6 || total
---------------------------+-------+-------++-------
  Melee: Spear             |    97 |   195 ||   292
         Punch             |     2 |     1 ||     3
 Invoke: Berserk           |       |     2 ||     2
    Use: Scroll            |     2 |       ||     2
   Stab: Sleeping          |     1 |       ||     1
 Armour: Animal skin       |    16 |       ||    16
         Leather armour    |       |     8 ||     8
         Skin              |       |     3 ||     3
         Scale mail        |       |    81 ||    81
  Dodge: Dodged            |    39 |   103 ||   142

Table legend: (Time is in decaauts)
 A = Elapsed time spent in this place.
 B = Non-inter-level travel time spent in this place.
 C = Inter-level travel time spent in this place.
 D = Time resting spent in this place.
 E = Time spent auto-exploring this place.
 F = Levels seen in this place.
 G = Mean time per level.
                   A        B        C        D        E       F      G
               +--------+--------+--------+--------+--------+-----+--------+
         Total |   4205 |   4144 |     61 |    939 |   1642 |   4 | 1051.2 |
       Dungeon |   4205 |   4144 |     61 |    939 |   1642 |   4 | 1051.2 |
               +--------+--------+--------+--------+--------+-----+--------+

Top non-repeatable levels by time:
     D:1: 1774 daAuts
     D:3: 1092 daAuts
     D:2: 925 daAuts
     D:4: 413 daAuts
